 Dungeon Crawl Stone Soup version 0.18-a0-1273-g8ec5f8e (webtiles) character file.

373 M4edhros the Sneak (level 6, -3/38 HPs)
             Began as an Octopode Artificer on Feb 8, 2016.
             Slain by an ogre
             ... wielding a +0 giant club
              (32 damage)
             ... on level 4 of the Dungeon.
             The game lasted 00:04:34 (2407 turns).

M4edhros the Sneak (Octopode Artificer)             Turns: 2407, Time: 00:04:35

Health: -3/38      AC:  1    Str: 10    XL:     6   Next: 71%
Magic:  9/9        EV: 14    Int: 17    God:
Gold:   53         SH:  0    Dex: 12    Spells: 0 memorised, 5 levels left

rFire  . . .     SeeInvis .     a - +0 short sword
rCold  . . .     Gourm    .     (no shield)
rNeg   . . .     Faith    .     (helmet restricted)
rPois  .         Spirit   .     (no amulet)
rElec  .         Dismiss  .     (no ring)
rCorr  .         Reflect  .     (no ring)
SustAt .         Harm     .     (no ring)
MR     .....                    (no ring)
Stlth  ++++......               (no ring)
                                (no ring)
                                (no ring)
                                (no ring)

@: not resistant to hostile enchantments, stealthy
A: almost no armour, amphibious, 8 rings, constrict 8, camouflage 1, gelatinous
body 1
a: no special abilities


You were on level 4 of the Dungeon.
You were not hungry.

You visited 1 branch of the dungeon, and saw 5 of its levels.
You also visited: Sewer.

You collected 53 gold pieces.

Inventory:

Hand Weapons
 a - a +0 short sword (weapon)
 m - a +0 hunting sling
Wands
 b - a wand of flame (10/48)
 c - a wand of enslavement (10/24)
 d - a wand of random effects (8/48)
 p - a wand of teleportation (5/9)
Scrolls
 e - 2 scrolls of identify {unknown}
 h - a scroll of magic mapping {unknown}
 i - 2 scrolls of teleportation {unknown}
 k - a scroll of noise {unknown}
 n - a scroll of enchant weapon {unknown}
Potions
 j - a potion of heal wounds
 l - a potion of degeneration {unknown}
 q - a potion of flight
 r - a potion of curing
 t - a potion of haste {unknown}
 u - a potion of mutation {unknown}
Comestibles
 f - 4 bread rations
 g - a slice of pizza
 o - a royal jelly
 s - a chunk of flesh


   Skills:
 - Level 1.0 Fighting
 - Level 1.0 Short Blades
 * Level 4.8 Dodging
 * Level 5.9 Stealth
 + Level 4.3 Evocations


You had 5 spell levels left.
You didn't know any spells.

Dungeon Overview and Level Annotations

Branches:
Dungeon (5/15)
 Temple: D:4-7

Altars:
Cheibriados
Dithmenos
Gozag
Kikubaaqudgha
Zin

Annotations:
D:4 Eustachio, Menkaure


Innate Abilities, Weirdness & Mutations

You cannot wear most types of armour.
You are amphibious.
You can wear up to eight rings at the same time.
You can use your tentacles to constrict eight enemies at once.
Your skin changes colour to match your surroundings (Stealth).
Your rubbery body absorbs attacks (AC +1).


Message History

No target in view!
No target in view!
u - a smoky blue potion Menkaure, Prince of Dust comes into view.
Found an escape hatch in the floor.
Found a scroll labeled KYPHY NIUDED.
A worker ant comes into view.
The ogre shouts!
The worker ant twitches its antennae in your direction.
Menkaure gestures at you while chanting.
Pain shoots through your body!
Evoke which item? (* to show all) (? for menu, Esc to quit)
Zapping:
d - a wand of random effects (9/48)
Press: ? - help, Shift-Dir - straight line, f - ogre
Aim: an ogre, wielding a giant club The puff of frost hits the ogre.
The ogre is moderately wounded.
This wand has 8 charges left.
The ogre hits you with a giant club!!
Ouch! That really hurt!
You die...

.... ..# #......
... . .. .......
..#
#.##.##.......
..#
#.#..............
..###
##...............
.....
..........a.. ...
..# .###...M..#.#
#.# .......O..#.#
#.# ..#
.......@....###.#
..#
.##.....(.......#
#...
#?.............#
# ##
#.........#.....#
#.#
....#...........#
..##
#...#.#.....<...#
....
...>............#
..#.
......#.........#
...
.....#.........#


You could see an ogre, Menkaure and a worker ant.

Vanquished Creatures
  2 ogres (D:4)
  A big kobold (Sewer)
  Natasha (D:2)
  An orc wizard (D:4)
  A hound skeleton (D:4)
  6 adders
  2 river rats (Sewer)
  An ooze (D:2)
  An adder skeleton (D:4)
  A worm (D:2)
  4 giant geckos
  3 orcs (D:4)
  A bat (D:3)
  5 giant cockroaches
  6 hobgoblins
  A jackal (Sewer)
  A quokka (D:4)
  3 giant newts
  2 goblins
  6 kobolds
  8 rats
57 creatures vanquished.

Vanquished Creatures (collateral kills)
  An adder (D:3)
  A giant gecko (D:4)
  An orc (D:4)
  A giant newt (D:2)
4 creatures vanquished.

Vanquished Creatures (others)
  A worm (D:2)
  A hobgoblin (D:2)
2 creatures vanquished.

Grand Total: 63 creatures vanquished

Notes
Turn   | Place    | Note
--------------------------------------------------------------
     0 | D:1      | M4edhros the Octopode Artificer began the quest for the Orb.
     0 | D:1      | Reached XP level 1. HP: 13/13 MP: 3/3
   408 | D:2      | Noticed Natasha
   414 | D:2      | Reached XP level 2. HP: 18/18 MP: 4/4
   415 | D:2      | Killed Natasha
   415 | D:2      | Reached XP level 3. HP: 23/23 MP: 5/5
   494 | D:2      | Found a glowing silver altar of Zin.
   583 | D:2      | Found an opulent altar of Gozag.
   611 | D:2      | Reached XP level 4. HP: 24/28 MP: 6/6
   634 | D:2      | Found a shadowy altar of Dithmenos.
   776 | D:2      | Reached skill level 4 in Stealth
  1262 | D:3      | Found a snail-covered altar of Cheibriados.
  1262 | D:3      | Found an ancient bone altar of Kikubaaqudgha.
  1368 | D:3      | Found a glowing drain.
  1394 | Sewer    | Entered a sewer
  1402 | Sewer    | Reached XP level 5. HP: 16/33 MP: 7/7
  1637 | Sewer    | Noticed a big kobold
  1777 | Sewer    | Killed a big kobold
  1777 | Sewer    | Reached skill level 5 in Stealth
  1802 | Sewer    | Found a white marble altar of Elyvilon.
  1900 | D:4      | Noticed an ogre
  1901 | D:4      | Noticed Eustachio
  1914 | D:5      | Entered Level 5 of the Dungeon
  2131 | D:4      | Reached XP level 6. HP: 23/38 MP: 9/9
  2400 | D:4      | Noticed Menkaure
  2407 | D:4      | Slain by an ogre

Vault maps used:
D:1:      dpeg_arrival_three_same_balls, minmay_lizard_king
D:2:      grunt_dithmenos_smoke_and_mirrors, grunt_gozag_breadcrumbs,
          zin_statuary, uniq_natasha
D:3:      amethyst_overflow_temple_binary, portal_sewer_entry_f
D:4:      first_bread, minmay_misc_feat_enclosed, minmay_misc_feat_alley,
          uniq_eustachio, uniq_menkaure
Sewer:    sewer_kobolds

Action                   |  1- 3 |  4- 6 || total
-------------------------+-------+-------++-------
Melee: Short sword       |    25 |   104 ||   129
Evoke: Wand              |     6 |    11 ||    17
  Use: Potion            |     1 |     2 ||     3
 Stab: Sleeping          |     7 |    10 ||    17
  Eat: Chunk             |       |     5 ||     5
